 Seeded DCSS version 0.29-a0-1019-g84f7d21838 (webtiles) character file.

Game seed: 20220810 (custom seed)

163531 flotson the Fighter (level 17, -2/112 (137) HPs)
             Began as a Demonspawn Delver on Aug 10, 2022.
             Was an Initiate of Gozag.
             Killed from afar by a deep elf zephyrmancer (22 damage)
             ... with a bolt of lightning
             ... on level 2 of the Elven Halls.
             The game lasted 01:18:35 (36406 turns).

flotson the Fighter (Demonspawn Delver)            Turns: 36406, Time: 01:18:36

HP:   -2/112 (137)  AC: 40    Str: 34    XL:     17   Next: 24%
MP:   26/26         EV: 15    Int: 10    God:    Gozag
Gold: 968           SH: 18    Dex: 23    Spells: 16/16 levels left

rFire   + . .      SeeInvis .   a - +5 broad axe (vamp)
rCold   + . .      Faith    .   L - +0 kite shield
rNeg    . . .      Spirit   .   y - +9 plate armour of Tortured Lucidity {MP+9 Slay+5}
rPois   .          Reflect  +   S - +2 hat
rElec   .          Harm     .   u - scarf {rC+ rF+}
rCorr   .          Rampage  .   q - +0 pair of gloves {Dex+3}
Will    ++...                   f - +1 pair of boots of Canael {Str+5}
Stlth   ..........              X - amulet of Uhoudopo {Reflect Str+10 SH+5}
HPRegen 0.28/turn               F - +4 ring of protection
MPRegen 0.20/turn               h - +4 ring of slaying

@: mighty, sanguine armoured, studying Short Blades, heavily drained
A: horns 2, foul stench 3, powered by pain 2, sanguine armour 1, agile 1,
strong-willed 1
a: Renounce Religion, Potion Petition, Call Merchant, Bribe Branch


You were on level 2 of the Elven Halls.
You worshipped Gozag.
Gozag was pleased with you.
You visited 5 branches of the dungeon, and saw 25 of its levels.
You visited the Abyss 1 time.
You also visited: Ossuary, Bailey and Ice Cave.

You collected 10004 gold pieces.
You spent 6442 gold pieces at shops.
You paid 2594 gold pieces to Gozag.

Inventory:

Hand Weapons
 a - a +5 vampiric broad axe (weapon)
 b - a +4 broad axe of flaming
 M - the +6 hammer of the Known World {pain, rElec rCorr Str-5 Int+4}
   (You found it on level 3 of the Dungeon)

   In the hands of one skilled in necromantic magic, it inflicts extra damage on
   living creatures.
   Str:       It affects your strength (-5).
   Int:       It affects your intelligence (+4).
   rElec:     It insulates you from electricity.
   rCorr:     It protects you from acid and corrosion.
Missiles
 j - 10 boomerangs
 n - 8 curare-tipped darts (quivered)
 w - a throwing net
 x - 51 poisoned darts
 R - 15 atropa-tipped darts
 V - 4 javelins
Armour
 f - the +1 pair of boots of Canael (worn) {Str+5}
   (You found it on level 4 of the Dungeon)

   Str:       It affects your strength (+5).
 q - a +0 pair of gloves of dexterity (worn)
 u - a scarf of resistance (worn)
 y - the +9 plate armour of Tortured Lucidity (worn) {MP+9 Slay+5}
   (You bought it in a shop on level 1 of the Orcish Mines)

   Slay:      It affects your accuracy & damage with ranged weapons and melee
   (+5).
   MP:        It affects your magic capacity (+9).
 H - a +2 robe of willpower
 L - a +0 kite shield (worn)
 S - a +2 hat (worn)
Jewellery
 h - a +4 ring of slaying (right hand)
 r - a ring of flight
 F - a +4 ring of protection (left hand)
 X - the amulet of Uhoudopo (around neck) {Reflect Str+10 SH+5}
   (You bought it in a shop on level 1 of the Orcish Mines)

   [amulet of reflection]

   It reflects blocked missile attacks.
   Str:       It affects your strength (+10).
   SH:        It affects your SH (+5).
Wands
 g - a wand of digging (13)
 p - a wand of polymorph (17)
 s - a wand of iceblast (4)
 G - a wand of acid (3)
 J - a wand of charming (9)
Scrolls
 c - 3 scrolls of fog
 d - a scroll of magic mapping
 e - 2 scrolls of fear
 l - 15 scrolls of teleportation
 m - 5 scrolls of enchant armour
 z - 3 scrolls of identify
 A - 3 scrolls of vulnerability
 C - a scroll of torment
 E - 4 scrolls of immolation
 Q - a scroll of summoning
 T - 2 scrolls of poison
 U - 2 scrolls of blinking
Potions
 i - 2 potions of ambrosia
 k - 9 potions of heal wounds
 t - 15 potions of curing
 B - 6 potions of haste
 D - 2 potions of lignification
 I - 3 potions of attraction
 K - 5 potions of resistance
 N - 5 potions of might
 O - 6 potions of invisibility
 P - 3 potions of cancellation
Miscellaneous
 v - a condenser vane
 W - a box of beasts


   Skills:
 + Level 13.2 Fighting
 + Level 10.3(11.0) Axes
 - Level 5.7(8.8) Maces & Flails
 + Level 11.0 Throwing
 + Level 11.7 Armour
 + Level 11.8 Dodging
 - Level 4.5 Stealth
 + Level 9.8 Shields
 + Level 12.7 Evocations


You had 16 spell levels left.
You didn't know any spells.
Your spell library contained the following spells:

 Spells                   Type           Power      Damage    Failure   Level
 Beastly Appendage        Tmut           0%         N/A       99%         1
 Sting                    Tmut/Pois      0%         1d3       99%         1
 Summon Small Mammal      Summ           0%         N/A       99%         1
 Blink                    Tloc           0%         N/A       100%        2
 Poisonous Vapours        Pois/Air       0%         N/A       100%        2
 Wereblood                Tmut           0%         N/A       100%        2
 Call Canine Familiar     Summ           0%         N/A       100%        3
 Dazzling Flash           Conj/Hex       0%         N/A       100%        3
 Gell's Gravitas          Tloc           0%         N/A       100%        3
 Ignite Poison            Fire/Tmut/Pois 0%         N/A       100%        3
 Inner Flame              Hex/Fire       0%         N/A       100%        3
 Lesser Beckoning         Tloc           0%         N/A       100%        3
 Mephitic Cloud           Conj/Pois/Air  0%         N/A       100%        3
 Spider Form              Tmut/Pois      0%         N/A       100%        3
 Summon Guardian Golem    Hex/Summ       0%         N/A       100%        3
 Teleport Other           Tloc           0%         N/A       100%        3
 Cause Fear               Hex            0%         N/A       100%        4
 Iskenderun's Mystic Bla  Conj/Tloc      0%         2d3       100%        4
 Olgreb's Toxic Radiance  Pois           0%         N/A       100%        4
 Summon Ice Beast         Ice/Summ       0%         N/A       100%        4
 Freezing Cloud           Conj/Ice/Air   0%         6-21      100%        5
 Manifold Assault         Tloc           0%         N/A       100%        5
 Summon Mana Viper        Hex/Summ       0%         N/A       100%        5
 Dispersal                Tloc           0%         N/A       100%        6
 Starburst                Conj/Fire      0%         6d3       100%        6
 Monstrous Menagerie      Summ           0%         N/A       100%        7
 Storm Form               Tmut/Air       0%         N/A       100%        7
 Discord                  Hex            0%         N/A       100%        8
 Chain Lightning          Conj/Air       0%         N/A       100%        9
 Fire Storm               Conj/Fire      0%         5d1       100%        9
 Shatter                  Erth           0%         3d5*      100%        9


Dungeon Overview and Level Annotations

Branches:
Dungeon (15/15)            Temple (1/1) D:6            Lair (5/5) D:10
  Swamp (0/4) Lair:2       Spider (0/4) Lair:3        Slime (0/5) Lair:5
    Orc (2/2) D:11            Elf (2/3) Orc:2        Vaults (0/5) D:14
 Depths (0/4) D:15        Ossuary (visited)          Bailey (visited)
  IceCv (visited)

Altars:
Ashenzari
Gozag
Ru
Vehumet
Wu Jian
Xom
Jiyva

Shops:
D:9 [   D:13 *([   Orc:1 =[[   Orc:2 ([(!   Elf:1 [*

Annotations:
Elf:2 Roxanne


Innate Abilities, Weirdness & Mutations

You have a pair of horns on your head.
You frequently emit foul miasma when damaged in melee.
You sometimes gain power by taking damage.
When seriously injured, your blood forms armour. (AC +6)
You are agile. (Dex +4, Str/Int -1)
You are strong-willed. (Will+)


Message History

The bolt of fire misses the +6 long sword of draining.
The bolt of fire misses you. The +6 long sword of draining hits you.
You feel drained.
The +2 trident of pain barely misses you.
The +6 long sword of draining hits you but does no damage.
You feel drained.
The deep elf pyromancer mumbles some strange words.
The deep elf pyromancer blinks!
The +2 trident of pain hits you from afar!
Your blood congeals into armour.
The +6 long sword of draining hits you!
You focus on the pain.
You feel very mighty all of a sudden.
You feel drained.
You emit a cloud of foul miasma!
The +2 trident of pain hits you but does no damage.
The +6 long sword of draining misses you.
The +6 long sword of draining attacks as you move away!
The +6 long sword of draining hits you but does no damage.
You feel drained.
You block the +2 trident of pain's attack.
The +6 long sword of draining hits you!
You feel drained.
The fire elemental disappears in a puff of smoke!
You block the +6 long sword of draining's attack.
The +2 trident of pain hits you from afar!
You block the +6 long sword of draining's attack.
The +2 trident of pain hits you but does no damage.
The deep elf zephyrmancer gestures at you while chanting.
The bolt of lightning hits the +2 trident of pain.
The +2 trident of pain completely resists.
The bolt of lightning misses the +6 long sword of draining.
The bolt of lightning hits you!
* * * LOW HITPOINT WARNING * * *
The +6 long sword of draining closely misses you.
You block the +6 long sword of draining's attack.
The +2 trident of pain hits you but does no damage.
The +2 trident of pain hits you from afar!
* * * LOW HITPOINT WARNING * * *
The deep elf zephyrmancer gestures at you while chanting.
The bolt of lightning hits you!!
You die...
Your body crumbles into a pile of gold.

##.....○......###...........
#....○.....).# ........... #
##.....○e.e...###...........
#
#.#...e.E....#...#.........
##
#..#........#.....#.......
.# #...#......#.......#.....
.####...#....#(........#...
..# ##...#.)#...........#
..# ##...##...(@........ ..#
###########...##### .##
######'''###### .#
#...#.....#...#
############..#.#...#.#..#
........)).))#...#.#...#.#
###########)#.....#.....##
#))#...#.#...#.#
#..)#.#...#.#..#


You could see a deep elf pyromancer, 2 deep elf zephyrmancers, a fire elemental
(summoned) and 2 dancing weapons.

Vanquished Creatures
  A bone dragon (Abyss:2)
  Zenata (Elf:2)
  An acid blob (D:15)
  2 tentacled starspawn (Abyss:2)
  A juggernaut zombie (D:15)
  An orc warlord (Orc:2)
  A frost giant (IceCv)
  The ghost of Ruqebled the Thaumaturge, a journeyman DjFE of Gozag (D:15)
  A draconian annihilator (Abyss:2)
  Azrael (D:14)
  Snorg (Lair:4)
  A blizzard demon (Abyss:2)
  4 vault guards (D:14)
  A spriggan zombie (D:15)
  8 hydras
  4 boulder beetles
  7 catoblepae
  An ogre mage (D:15)
  8 centaur warriors
  A death knight (D:13)
  Erica (D:11)
  17 dancing weapons
  14 death yaks
  9 two-headed ogres
  An orc high priest (Elf:2)
  A tengu warrior (D:13)
  2 thrashing horrors (Abyss:2)
  6 deep elf knights
  Sonja (Lair:4)
  A wretched star (Abyss:2)
  4 skeletal warriors
  A sixfirhy (Abyss:2)
  A steelbarb worm (shapeshifter) (Elf:1)
  14 deep elf archers
  A flayed ghost (D:15)
  An orb spider (Lair:3)
  A wizard (D:15)
  9 ugly things
  19 deep elf zephyrmancers
  A necromancer (D:15)
  2 orc knights
  A fire giant zombie (D:15)
  7 orc sorcerers
  19 deep elf pyromancers
  2 oklob plants
  5 manticores
  12 elephants
  10 cyclopes
  A moth of wrath (shapeshifter) (Elf:1)
  A frost giant skeleton (D:15)
  4 large abominations (Abyss:2)
  The ghost of BleedingAnus the Chopper, a novice MiBe of Trog (D:5)
  Joseph (Lair:1)
  An orange demon (Abyss:2)
  An ice statue (IceCv)
  3 smoke demons (Abyss:2)
  A torpor snail (Lair:5)
  10 cane toads
  4 rime drakes
  A freezing wraith (Abyss:2)
  An unseen horror (D:10)
  A kobold demonologist (D:9)
  3 efreet
  6 komodo dragons
  3 ice devils
  An ancient zyme (Abyss:2)
  A guardian mummy (D:15)
  6 trolls
  4 hellwings (Abyss:2)
  11 polar bears
  10 slime creatures
  Grinder (D:5)
  A raiju (shapeshifter) (Elf:1)
  16 blink frogs
  3 hornets (Lair:4)
  A blink frog (shapeshifter) (Elf:1)
  A raiju (Abyss:2)
  6 flying skulls (Abyss:2)
  12 spriggans (Lair:4)
  A shadow (D:10)
  A centaur simulacrum (D:15)
  A ynoxinul (Abyss:2)
  A water elemental (D:14)
  4 wraiths
  4 wyverns
  An air elemental (Elf:2)
  64 yaks
  A basilisk (shapeshifter) (Elf:2)
  3 vampires (D:12)
  Eustachio (D:6)
  6 basilisks
  4 golden eyes (D:15)
  2 yaks (shapeshifter)
  A steam dragon (D:9)
  3 fire elementals
  6 vampire mosquitoes
  12 water moccasins
  4 wargs (Orc:2)
  An acid dragon (D:8)
  3 hell hounds (D:14)
  21 orc warriors
  A swamp drake (D:10)
  A sky beast (D:6)
  4 black bears
  8 ogres
  6 small abominations
  35 wolves
  3 boggarts (Lair:4)
  9 centaurs
  A phantom (D:5)
  5 kobold brigands
  9 bullfrogs
  An earth elemental (Elf:2)
  3 gnoll sergeants
  11 scorpions
  A necrophage (D:8)
  11 wights
  9 killer bees
  3 howler monkeys (D:8)
  An electric eel (D:8)
  A crimson imp (D:15)
  2 centaur zombies (Ossuary)
  2 hounds
  A jelly (D:7)
  A quasit (Abyss:2)
  8 orc priests
  Crazy Yiuf (D:3)
  2 gnoll boudas
  3 human zombies (Ossuary)
  An iron imp (Abyss:2)
  Ijyb (D:5)
  Terence (D:2)
  9 iguanas
  35 orc wizards
  5 scorpion zombies (Ossuary)
  3 mummies (Ossuary)
  31 gnolls
  5 adders
  2 shadow imps
  4 white imps
  2 ufetubi (Abyss:2)
  2 worms (D:4)
  A dart slug (D:1)
  81 orcs
  3 endoplasms
  4 giant cockroaches
  A goblin (D:3)
  5 hobgoblins
  6 quokkas
  6 ball pythons
  4 bats (D:3)
  5 frilled lizards
  3 goblin zombies (Ossuary)
  A hobgoblin zombie (Ossuary)
  23 kobolds
  A kobold zombie (Ossuary)
  2 orc zombies (Ossuary)
  5 rats
  2 starspawn tentacles (Abyss:2)
869 creatures vanquished.

Vanquished Creatures (others)
  A quicksilver ooze (D:15)
  2 tengu warriors
  A death yak (IceCv)
  2 deep elf knights
  An orc wizard (D:14)
  An ufetubus (Abyss:2)
  2 orcs
  21 fungi
  38 plants
  4 starspawn tentacles (Abyss:2)
  5 withered plants (D:15)
78 creatures vanquished.

Grand Total: 947 creatures vanquished

Notes
Turn   | Place    | Note
-------+----------+-------------------------------------------
     0 | D:5      | flotson the Demonspawn Delver began the quest for the Orb.
     0 | D:5      | Reached XP level 1. HP: 18/18 MP: 1/1
   171 | D:3      | Found a runed translucent door.
   172 | D:3      | Identified the +6 hammer of the Known World {pain, rElec
                  | rCorr Str-5 Int+4}
   172 | D:3      | Noticed Crazy Yiuf
   566 | D:2      | Gained mutation: You sometimes gain a little power by
                  | taking damage. [demonic ancestry]
   566 | D:2      | Reached XP level 2. HP: 24/24 MP: 2/2
  1088 | D:1      | Reached skill level 1 in Evocations
  1088 | D:1      | Gained mutation: You sometimes gain power by taking damage.
                  | [demonic ancestry]
  1088 | D:1      | Reached XP level 3. HP: 29/29 MP: 3/3
  1729 | D:2      | Noticed Terence
  1738 | D:2      | Killed Terence
  1739 | D:2      | Reached skill level 1 in Armour
  2356 | D:3      | Reached XP level 4. HP: 29/35 MP: 4/4
  2649 | D:3      | Found a faded altar of an unknown god.
  3869 | D:3      | Killed Crazy Yiuf
  4381 | D:4      | Reached XP level 5. HP: 29/42 MP: 5/5
  4537 | D:4      | Reached skill level 4 in Fighting
  4836 | D:4      | Identified the +1 pair of boots of Canael {Str+5}
  4846 | D:4      | Gained mutation: You may rarely emit foul miasma when
                  | damaged in melee. [demonic ancestry]
  4846 | D:4      | Reached XP level 6. HP: 42/48 MP: 6/6
  5199 | D:4      | Found a radiant altar of Vehumet.
  5732 | D:5      | Noticed a water moccasin
  5738 | D:5      | Killed a water moccasin
  5739 | D:5      | Gained mutation: When seriously injured, your blood forms
                  | armour. (AC +6) [demonic ancestry]
  5739 | D:5      | Reached XP level 7. HP: 43/55 MP: 7/7
  6410 | D:5      | Reached skill level 5 in Fighting
  6473 | D:5      | Noticed Ijyb
  6487 | D:5      | Killed Ijyb
  6488 | D:5      | Reached XP level 8. HP: 62/62 MP: 8/8
  6581 | D:5      | Noticed Grinder
  6594 | D:5      | Paralysed by Grinder for 2 turns
  6597 | D:5      | Killed Grinder
  6980 | D:5      | Reached skill level 1 in Throwing
  7258 | D:5      | Noticed BleedingAnus's ghost (novice MiBe)
  7311 | D:5      | Found a runed translucent door.
  7637 | D:6      | Found a sand-covered staircase.
  7651 | Ossuary  | Entered an ossuary
  8012 | Ossuary  | Reached skill level 6 in Fighting
  8012 | Ossuary  | Reached XP level 9. HP: 68/69 MP: 9/9
  8031 | Ossuary  | Reached skill level 5 in Dodging
  8031 | Ossuary  | Reached skill level 5 in Evocations
  8247 | Ossuary  | Reached skill level 5 in Axes
  8509 | D:6      | Found an opulent altar of Gozag.
  8518 | D:6      | Became a worshipper of Gozag Ym Sagoz the Greedy
  8583 | D:6      | Identified the +1 chain mail "Sairetep" {rC+}
  8854 | D:6      | Noticed Eustachio
  9151 | D:6      | Found a staircase to the Ecumenical Temple.
  9174 | D:6      | Killed Eustachio
  9191 | Temple   | Entered the Ecumenical Temple
  9493 | D:6      | Reached skill level 5 in Armour
  9681 | D:6      | Found a shimmering altar of Xom.
  9684 | D:6      | Found an ornate altar of the Wu Jian Council.
  9964 | D:7      | Found a flagged portal.
  9973 | Bailey   | Entered a bailey
 10957 | D:7      | Reached skill level 1 in Maces & Flails
 11141 | D:7      | Gained mutation: You sometimes emit foul miasma when
                  | damaged in melee. [demonic ancestry]
 11141 | D:7      | Reached XP level 10. HP: 70/77 MP: 10/10
 11143 | D:7      | Reached skill level 7 in Fighting
 13088 | D:8      | Found a sacrificial altar of Ru.
 13784 | D:9      | Found Dolevoehap's Magic Scroll Shoppe.
 13810 | D:9      | Bought a scroll of identify for 24 gold pieces
 13810 | D:9      | Bought a scroll of identify for 24 gold pieces
 13810 | D:9      | Bought a scroll of teleportation for 36 gold pieces
 13810 | D:9      | Bought a scroll of teleportation for 36 gold pieces
 13810 | D:9      | Bought a scroll of teleportation for 36 gold pieces
 13810 | D:9      | Bought a scroll of teleportation for 36 gold pieces
 13810 | D:9      | Bought a scroll of fog for 48 gold pieces
 13810 | D:9      | Bought a scroll of amnesia for 48 gold pieces
 13842 | D:9      | Noticed a manticore
 13999 | D:9      | Killed a manticore
 14479 | D:9      | Found Lidaag's Armour Shoppe.
 14497 | D:9      | Noticed a two-headed ogre
 14863 | D:9      | Bought a +0 helmet for 45 gold pieces
 14863 | D:9      | Bought a +0 kite shield for 45 gold pieces
 14863 | D:9      | Bought the +4 chain mail "Ukameuso" {rN+ MP+9} for 546 gold
                  | pieces
 14971 | D:9      | Reached skill level 5 in Throwing
 15231 | D:9      | Killed a two-headed ogre
 15232 | D:9      | Reached skill level 1 in Shields
 15232 | D:9      | Reached XP level 11. HP: 86/86 MP: 11/11
 15365 | D:10     | Entered Level 10 of the Dungeon
 15484 | D:10     | Reached skill level 8 in Fighting
 16703 | D:10     | Found a staircase to the Lair.
 16875 | Lair:1   | Entered Level 1 of the Lair of Beasts
 17421 | Lair:1   | Noticed Joseph
 17433 | Lair:1   | Killed Joseph
 17562 | Lair:1   | Identified the +0 scale mail of Pomuenen {rC++ Regen+ Str-2
                  | Int+2}
 17969 | Lair:2   | Found a frozen archway.
 17985 | IceCv    | Entered an ice cave
 18070 | IceCv    | Noticed a death yak
 18070 | IceCv    | Noticed a death yak
 18087 | IceCv    | Killed a death yak
 18095 | IceCv    | Killed a death yak
 18340 | IceCv    | Reached XP level 12. HP: 85/94 MP: 12/12
 18370 | IceCv    | Reached skill level 5 in Maces & Flails
 18478 | IceCv    | Reached skill level 9 in Fighting
 18589 | IceCv    | Noticed a death yak
 18598 | IceCv    | Killed a death yak
 18819 | IceCv    | Noticed a death yak
 18820 | IceCv    | Noticed a frost giant
 18820 | IceCv    | Noticed a death yak
 18835 | IceCv    | Killed a frost giant
 18859 | IceCv    | Killed a death yak
 18876 | IceCv    | Killed a death yak
 19216 | Lair:2   | Noticed an eight-headed hydra
 19258 | Lair:2   | Killed an eight-headed hydra
 19383 | Lair:2   | Found a staircase to the Swamp.
 20132 | Lair:2   | Reached XP level 13. HP: 102/102 MP: 13/13
 20236 | Lair:3   | Reached skill level 5 in Shields
 20741 | Lair:3   | Reached skill level 10 in Fighting
 20852 | Lair:3   | Found a hole to the Spider Nest.
 22528 | Lair:4   | Noticed Sonja
 22536 | Lair:4   | Killed Sonja
 22655 | Lair:5   | Entered Level 5 of the Lair of Beasts
 23155 | Lair:5   | Gained mutation: You have a pair of small horns on your
                  | head. [demonic ancestry]
 23155 | Lair:5   | Reached XP level 14. HP: 109/111 MP: 14/14
 23165 | Lair:5   | Reached skill level 10 in Evocations
 23224 | Lair:5   | Noticed Snorg
 23530 | Lair:5   | Found a staircase to the Slime Pits.
 24202 | Lair:4   | Killed Snorg
 24833 | Lair:5   | Reached skill level 11 in Fighting
 25331 | D:11     | Found a staircase to the Orcish Mines.
 25334 | D:11     | Noticed Erica
 25559 | D:11     | Killed Erica
 25847 | D:12     | You fall into a shaft and drop 2 floors!
 26000 | D:13     | Found Apsufut's Distillery.
 26003 | D:13     | Found Kokie's General Store.
 26008 | D:13     | Bought a potion of curing for 42 gold pieces
 26008 | D:13     | Bought a potion of haste for 140 gold pieces
 26008 | D:13     | Bought a potion of curing for 42 gold pieces
 26008 | D:13     | Bought 2 potions of curing for 84 gold pieces
 26008 | D:13     | Bought a potion of curing for 42 gold pieces
 26072 | D:12     | Reached skill level 10 in Dodging
 26872 | Orc:1    | Entered Level 1 of the Orcish Mines
 27220 | Orc:2    | Entered Level 2 of the Orcish Mines
 27235 | Orc:2    | Found a staircase to the Elven Halls.
 27292 | Orc:2    | Paralysed by an orc sorcerer for 5 turns
 27517 | Orc:2    | Reached skill level 10 in Armour
 27572 | Orc:2    | Noticed an orc warlord
 27581 | Orc:2    | Gained mutation: You do not regenerate when monsters are
                  | visible. [a neqoxec]
 27582 | Orc:2    | Gained mutation: Your muscles are strong. (Str +4, Int/Dex
                  | -1) [a neqoxec]
 27583 | Orc:2    | Gained mutation: You are clumsy. (Dex -2) [a neqoxec]
 27692 | Orc:2    | Found Bequipt's Antique Weapon Shoppe.
 27692 | Orc:2    | Found Onuocigo's Distillery.
 27735 | Orc:2    | Killed an orc warlord
 27736 | Orc:2    | Gained mutation: You frequently emit foul miasma when
                  | damaged in melee. [demonic ancestry]
 27736 | Orc:2    | Reached XP level 15. HP: 39/118 MP: 15/15
 27844 | Orc:2    | Bought a potion of invisibility for 128 gold pieces
 27844 | Orc:2    | Bought 2 potions of heal wounds for 160 gold pieces
 27844 | Orc:2    | Bought a potion of mutation for 128 gold pieces
 27844 | Orc:2    | Bought 2 potions of might for 128 gold pieces
 27844 | Orc:2    | Bought a potion of might for 64 gold pieces
 27844 | Orc:2    | Bought a potion of flight for 48 gold pieces
 27845 | Orc:2    | Lost mutation: Your muscles are strong. (Str +4, Int/Dex
                  | -1) [potion of mutation]
 27845 | Orc:2    | Lost mutation: You do not regenerate when monsters are
                  | visible. [potion of mutation]
 27845 | Orc:2    | Lost mutation: You are clumsy. (Dex -2) [potion of
                  | mutation]
 27845 | Orc:2    | Gained mutation: You are strong-willed. (Will+) [potion of
                  | mutation]
 27845 | Orc:2    | Gained mutation: You have a pair of horns on your head.
                  | [potion of mutation]
 27845 | Orc:2    | Gained mutation: You are agile. (Dex +4, Str/Int -1)
                  | [potion of mutation]
 27913 | Orc:2    | Found Achyozat's Armour Boutique.
 27940 | Orc:2    | Found Virunt's Weapon Shoppe.
 28387 | Orc:1    | Bought a spiked chain mail for 332 gold pieces
 28387 | Orc:1    | Identified the +0 chain mail of Inviolability {rElec rPois
                  | Dex+2} (You bought it in a shop on level 1 of the Orcish
                  | Mines)
 28387 | Orc:1    | Bought a masterwork ring mail for 315 gold pieces
 28387 | Orc:1    | Identified the +3 ring mail of Duty {rElec rC+ Int+5} (You
                  | bought it in a shop on level 1 of the Orcish Mines)
 28391 | Orc:1    | Bought the +9 plate armour of Tortured Lucidity {MP+9
                  | Slay+5} for 1875 gold pieces
 28630 | D:13     | Found Omneg's Antique Weapon Shoppe.
 28635 | D:13     | Bought a runed broad axe for 224 gold pieces
 28835 | D:5      | Killed BleedingAnus's ghost
 29105 | D:13     | Found Uczizy's Antique Armour Emporium.
 29118 | D:13     | Bought an embroidered scarf for 216 gold pieces
 29251 | D:13     | Bought a scroll of blinking for 82 gold pieces
 29251 | D:13     | Bought 4 javelins for 35 gold pieces
 29690 | D:14     | Noticed Azrael
 29698 | D:14     | HP: 6/120 [Azrael/damnation (54)]
 29774 | D:14     | Found a gate to the Vaults.
 29910 | D:14     | Killed Azrael
 30239 | D:14     | Reached skill level 12 in Fighting
 30736 | D:15     | Entered Level 15 of the Dungeon
 31026 | Orc:1    | Bought the amulet of Uhoudopo {Reflect Str+10 SH+5} for 812
                  | gold pieces
 31147 | D:15     | Found a staircase to the Depths.
 31906 | D:15     | Reached skill level 10 in Throwing
 31945 | D:15     | Mutation became permanent: You have a pair of small horns
                  | on your head. [demonic ancestry]
 31945 | D:15     | Gained mutation: You have a pair of horns on your head.
                  | [demonic ancestry]
 31945 | D:15     | Reached XP level 16. HP: 127/127 MP: 16/16
 32147 | Abyss:2  | Cast into level 2 of the Abyss (a wizard)
 32288 | Abyss:2  | Noticed a tentacled starspawn
 32294 | Abyss:2  | Killed a tentacled starspawn
 32541 | Abyss:2  | Noticed a bone dragon
 32569 | Abyss:2  | Killed a bone dragon
 32571 | Abyss:2  | Noticed a tentacled starspawn
 32578 | Abyss:2  | Killed a tentacled starspawn
 32599 | Abyss:2  | Noticed a bone dragon
 32610 | D:15     | Escaped the Abyss
 32911 | D:15     | Found a runed translucent gate.
 32911 | D:15     | Found a runed translucent gate.
 32912 | D:15     | Found a runed translucent gate.
 32912 | D:15     | Noticed an acid blob
 32913 | D:15     | Noticed Ruqebled's ghost (journeyman DjFE)
 32914 | D:15     | Found a viscous altar of Jiyva.
 32969 | D:15     | Killed Ruqebled's ghost
 33096 | D:15     | Killed an acid blob
 33714 | Elf:1    | Entered Level 1 of the Elven Halls
 34066 | Elf:1    | Found Hegukhal's Armour Emporium.
 34626 | Elf:1    | Bought a +2 robe of willpower for 336 gold pieces
 35098 | Elf:1    | Reached skill level 10 in Axes
 35155 | Elf:1    | Found Lokluho's Assorted Antiques.
 35164 | Elf:1    | Bought a pair of embroidered gloves for 285 gold pieces
 35272 | Elf:1    | You fall into a shaft and drop 1 floor!
 35635 | Elf:2    | Noticed Zenata
 35641 | Elf:2    | Reached skill level 13 in Fighting
 35654 | Elf:2    | Killed Zenata
 35864 | Elf:2    | Noticed Roxanne
 35883 | Elf:2    | Paralysed by an air elemental for 1 turns
 35886 | Elf:2    | Paralysed by an air elemental for 1 turns
 35901 | Elf:2    | Reached XP level 17. HP: 109/136 MP: 17/17
 36030 | Elf:2    | Found a runed translucent gate.
 36030 | Elf:2    | Found a runed translucent gate.
 36082 | Elf:2    | Found a runed translucent gate.
 36406 | Elf:2    | Killed from afar by a deep elf zephyrmancer

Illustrated notes

Levels and vault maps discovered:
D:1:      minmay_arrival_plants_in_alcoves, layout_basic, minmay_tetromino_i2
D:2:      layout_loops_ring, uniq_terence
D:3:      layout_basic, ebering_ecumenical_altar_rust, uniq_crazy_yiuf_cottage
D:4:      minmay_skewed_foursquare, layout_loops_ring, lemuel_tele_altar,
          st_stairs_8
D:5:      layout_loops_corners, hellmonk_ghost_happy_afterlife,
          portal_sewer_entry_d, st_stairs_2, lexackson_kobold_supper, uniq_ijyb,
          uniq_grinder
D:6:      layout_basic, gammafunk_temple_overflow_claw,
          nicolae_gozag_seed_capital, tso_altar, minmay_temple_entry_junction_2,
          nicolae_ossuary_entry_monument, uniq_eustachio
D:7:      layout_rooms, enter_bailey_2, minmay_quadrilaterals
D:8:      layout_cave_pools, mainiacjoe_overflow_alcove_2, hex_medium,
          lightli_minifort
D:9:      layout_irregular_city, serial_column_ruins, column_ruins_open_small,
          column_ruins_columns_corner, column_ruins_columns_corner,
          column_ruins_columns_corner, column_ruins_open_small, serial_shops,
          nicolae_shop_statue_plus, nicolae_shop_waterfront
D:10:     layout_stronghold, erik_lair_dragon
D:11:     layout_big_octagon, orc_0_dummy, uniq_erica
D:12:     layout_irregular_city
D:13:     minmay_box_of_statues, layout_rooms, serial_shops, shop,
          nicolae_shop_crystal, shop, nicolae_shop_waterfront
D:14:     layout_loops_ring, lightli_vaults_fourway_checkpoint,
          minmay_crystal_water, uniq_azrael
D:15:     gammafunk_depths_entry_grave, layout_basic, corexii_hall_statues_x,
          gammafunk_ghost_ooze, lightli_wizard_tower
Temple:   nicolae_temple_bog_church
Lair:1:   layout_roguey, uniq_joseph
Lair:2:   layout_cave_shapes, swamp_mist, portal_ice_cave_demonic_guard,
          grunt_megastairs_4
Lair:3:   layout_roguey, nicolae_spider_entry_orb_guardian, serial_bayou_pond_a
Lair:4:   kb_forest_paths, layout_gridlike, uniq_sonja
Lair:5:   evilmike_catoblepas_cave, layout_gridlike,
          minmay_slime_entry_oklob_enclosed, uniq_snorg
Orc:1:    layout_caves, mines2_david
Orc:2:    st_orc_town, layout_caves
Elf:1:    layout_geoelf_diagonals, serial_shops,
          nicolae_shop_overgrown_old_shop, shop,
          hangedman_elven_crosses_minicolossus, minivault_26, grunt_megastairs_2
Elf:2:    nicolae_elf_blades_splatter_lattice [nicolae_blade_lattice],
          layout_geoelf_octagon, uniq_roxanne, uniq_zenata

Skill      XL: |  1  2  3  4  5  6  7  8  9 10 11 12 13 14 15 16 17 |
---------------+----------------------------------------------------+-----
Dodging        | 2 3 4 5 6 7 8 9 10 11 | 11.8
Axes           | 2 3 4 5 6 7 8 9 10 | 10.3
Evocations     | 1 2 3 4 6 7 8 9 10 11 12 | 12.7
Armour         | 1 2 3 4 5 6 7 8 9 10 11 | 11.7
Fighting       | 4 5 6 7 8 9 10 11 12 13 | 13.2
Throwing       | 2 3 5 6 7 8 9 10 11 | 11.0
Maces & Flails | 1 3 4 5 |  5.7
Shields        | 1 3 4 6 7 8 9 |  9.8
Stealth        | |  4.5

Action                   |  1- 3 |  4- 6 |  7- 9 | 10-12 | 13-15 | 16-18 || total
-------------------------+-------+-------+-------+-------+-------+-------++-------
Melee: Mace              |    63 |    22 |       |       |    36 |       ||   121
       Hand axe          |     5 |       |       |       |       |       ||     5
       Punch             |     1 |     2 |     5 |     3 |       |       ||    11
       Quarterstaff      |       |    26 |       |       |       |       ||    26
       Great sword       |       |     5 |       |       |       |       ||     5
       Flail             |       |    34 |   364 |   768 |    27 |       ||  1193
       Halberd           |       |       |    44 |       |       |       ||    44
       Whip              |       |       |       |   113 |       |       ||   113
       Broad axe         |       |       |       |   104 |  1184 |   441 ||  1729
       Headbutt          |       |       |       |       |   287 |   120 ||   407
Throw: Throwing net      |       |       |     2 |     1 |       |       ||     3
       Dart              |       |       |     1 |    13 |     6 |     2 ||    22
       Boomerang         |       |       |       |     9 |       |       ||     9
Invok: Call Merchant     |       |       |       |       |     3 |       ||     3
Evoke: Wand              |       |       |       |    20 |     7 |       ||    27
  Use: Potion            |       |     3 |     2 |       |     5 |     2 ||    12
       Scroll            |       |       |     3 |    20 |    16 |     3 ||    42
 Stab: Sleeping          |    11 |     5 |     5 |       |     2 |       ||    23
       Distracted        |       |       |     1 |     7 |     8 |     2 ||    18
       Held in net/web   |       |       |     1 |       |       |       ||     1
       Petrified         |       |       |       |       |    11 |     3 ||    14
       Petrifying        |       |       |       |       |     2 |     1 ||     3
Armor: Leather armour    |     8 |       |       |       |       |       ||     8
       Ring mail         |    10 |    23 |   174 |       |       |       ||   207
       Chain mail        |       |       |    61 |   365 |       |       ||   426
       Scale mail        |       |       |       |   356 |   602 |       ||   958
       Plate armour      |       |       |       |       |   309 |   209 ||   518
Dodge: Dodged            |    29 |    52 |   321 |   688 |   666 |   192 ||  1948
Block: Kite shield       |       |       |       |   452 |   832 |   345 ||  1629
       Reflection        |       |       |       |       |     3 |    36 ||    39

Table legend: (Time is in decaauts)
 A = Elapsed time spent in this place.
 B = Non-inter-level travel time spent in this place.
 C = Inter-level travel time spent in this place.
 D = Time resting spent in this place.
 E = Time spent auto-exploring this place.
 F = Levels seen in this place.
 G = Mean time per level.
                   A        B        C        D        E       F      G
               +--------+--------+--------+--------+--------+-----+--------+
         Total |  37263 |  34924 |   2339 |   2679 |  24175 |  29 | 1284.9 |
       Dungeon |  22351 |  20602 |   1749 |   1767 |  15132 |  15 | 1490.1 |
        Temple |    144 |    144 |      0 |    143 |      0 |   1 |  144.0 |
          Lair |   6938 |   6547 |    391 |    274 |   4500 |   5 | 1387.6 |
  Orcish Mines |   2281 |   2110 |    171 |    450 |   1097 |   2 | 1140.5 |
   Elven Halls |   2214 |   2188 |     26 |      7 |   1601 |   2 | 1107.0 |
         Abyss |    496 |    496 |      0 |      0 |    210 |   1 |  496.0 |
       Ossuary |    883 |    883 |      0 |      2 |    655 |   1 |  883.0 |
        Bailey |    752 |    752 |      0 |     18 |    533 |   1 |  752.0 |
      Ice Cave |   1199 |   1199 |      0 |     15 |    446 |   1 | 1199.0 |
               +--------+--------+--------+--------+--------+-----+--------+

Top non-repeatable levels by time:
  Lair:5: 2254 daAuts
     D:5: 2192 daAuts
     D:4: 2049 daAuts
    D:15: 2030 daAuts
    D:10: 1973 daAuts
     D:7: 1753 daAuts
     D:8: 1684 daAuts
   Orc:2: 1652 daAuts
     D:3: 1651 daAuts
     D:9: 1546 daAuts
    D:14: 1452 daAuts
     D:6: 1384 daAuts
  Lair:2: 1258 daAuts
  Lair:4: 1237 daAuts
   IceCv: 1199 daAuts
